 Dungeon Sprint DCSS version 0.28.0-53-g5a82cb258f (webtiles) character file.

Game seed: 14002724179958260846

15143 Zeld the Executioner (level 11, -33/126 HPs)
             Began as a Minotaur Berserker on June 4, 2022.
             Was the Champion of Trog.
             Killed from afar by a fire giant (49 damage)
             ... with a fireball
             ... in the Dungeon (Sprint I: "Red Sonja").
             The game lasted 00:06:46 (5806 turns).

Zeld the Executioner (Minotaur Berserker)           Turns: 5806, Time: 00:06:46

Health: -33/126    AC:  8    Str: 32    XL:     11   Next: 98%
Magic:  10/10      EV: 16    Int:  4    God:    Trog [******]
Gold:   498        SH:  0    Dex:  9    Spells: 10/10 levels left

rFire   . . .      SeeInvis +   a - +5 broad axe (protect)
rCold   . . .      Faith    .   (no shield)
rNeg    . . .      Spirit   .   l - +2 leather armour of the Gate {Str+5 SInv}
rPois   .          Reflect  .   (helmet restricted)
rElec   .          Harm     .   (no cloak)
rCorr   .          Rampage  .   (no gloves)
Will    ++...      NoTele   +   s - +0 pair of boots
Stlth   +.........              (no amulet)
HPRegen 1.31/turn               (no ring)
MPRegen 0.12/turn               (no ring)

@: strong-willed, regenerating
A: horns 2, retaliatory headbutt
a: Renounce Religion, Berserk, Trog's Hand, Brothers in Arms


You were in the Dungeon.
You worshipped Trog.
Trog was exalted by your worship.
You visited 1 branch You collected 1846 gold pieces.
You spent 1348 gold pieces at shops.

Inventory:

Hand Weapons
 a - a +5 broad axe of protection (weapon)
Armour
 l - the +2 leather armour of the Gate (worn) {Str+5 SInv}
   (You bought it in a shop in the Dungeon)

   Str:       It affects your strength (+5).
   SInv:      It lets you see invisible.
 s - a +0 pair of boots (worn)
 t - the +3 chain mail of Nihimorgh {-Cast Str+4 Dex+4}
   (You bought it in a shop in the Dungeon)

   Str:       It affects your strength (+4).
   Dex:       It affects your dexterity (+4).
   -Cast:     It prevents spellcasting.
Wands
 i - a wand of digging (2)
Scrolls
 d - 4 scrolls of identify {unknown}
 j - a scroll of holy word {unknown}
 m - 2 scrolls of enchant armour
 o - 2 scrolls of fear {unknown}
 y - a scroll of vulnerability {unknown}
Potions
 b - a potion of mutation {unknown}
 c - 5 potions of curing
 e - a potion of haste
 f - 3 potions of magic
 g - a potion of berserk rage
 k - a potion of degeneration {unknown}
 n - a potion of lignification {unknown}
 v - 2 potions of might
Miscellaneous
 p - a condenser vane
 q - a phantom mirror
 r - a box of beasts


   Skills:
 * Level 20.9 Fighting
 * Level 21.0 Axes
 + Level 15.2 Armour
 + Level 14.0 Dodging


You had 10 spell levels left.
You didn't know any spells.
Your spell library was empty.

Dungeon Overview and Level Annotations

Branches:
Dungeon (1/1)

Altars:
Cheibriados
Dithmenos
Elyvilon
Fedhas
Gozag
Hepliaklqana
Kikubaaqudgha
Makhleb
Nemelex Xobeh
Okawaru
Qazlal
Ru
Sif Muna
Trog
Uskayaw
Vehumet
Wu Jian
Xom
Yredelemnul
Zin
The Shining One
Jiyva
Lugonu

Shops:
D ([(((:[[[=!?*[*[=


Innate Abilities, Weirdness & Mutations

You have a pair of horns on your head.
You reflexively headbutt those who attack you in melee.


Message History

What are your orders? t - Shout!
Orders for allies: a - Attack new target. r - Retreat! s - Stop attacking. g - Guard the area. f - Follow me.
Anything else - Cancel.
Gang up on whom?
Press: ? - help, Dir - move target, f - fire giant
Aim: a fire giant, wielding a +2 great sword of flaming (almost dead, ally target) Attack!
Your deep troll barely misses the fire giant.
Your deep troll claws the fire giant!
Your deep troll claws the fire giant but does no damage.
The fire giant gestures at your deep troll while chanting.
The fireball explodes!
The fireball engulfs your deep troll!!!
Your deep troll dies!
Your deep troll's corpse disappears in a puff of smoke!
The fireball engulfs the fire giant.
The fire giant resists.
The fire giant dies!
The fireball engulfs you!!!
* * * LOW HITPOINT WARNING * * *
A fire giant comes into view.
It is wielding a +2 great sword of flaming.
Your Axes skill increases to level 21!
Your Dodging skill increases to level 14!
Press: ? - help, v - describe, . - travel, g - get item
Here: a fire giant, wielding a +2 great sword of flaming
Items here: ))) ††.
The floor, spattered with blood.
Blink to where?
Press: ? - help, Dir - move target
As you read the scroll of blinking, it crumbles to dust.
You close the door.
Okay, then.
Your skin crawls.
You feel strong-willed.
Things that are here:
a +2 scimitar of holy wrath; a +0 tower shield The fire giant gestures at you while chanting.
The fireball explodes!
The fireball engulfs you!!!
You die...

###################
)).#))#§§§§+...§§.+
...##'#§####.§..§##
..)'..#§# ###§..#####
####§§§.#+#.##§§#:[)##
..##+####...#§#§##...#
..#..○..#...§##§@###.#
..#.°.°○+.....##.)...#
#'###..°#.....#..###.#
#.'.#.°○###++##C##...#
###.#..## #..#+###
∩##.#..# ##...#
###.##○# ###.#
§##§##(# #.# ..§§####
#§#


You could see a fire giant.

Vanquished Creatures
  A daeva (D)
  A lorocyproca (D)
  2 centaur warriors (D)
  Sonja (D)
  A lindwurm (D)
  A deep troll (D)
  An oklob plant (D)
  A gargoyle (D)
  7 unseen horrors (D)
  4 demonic crawlers (D)
  2 kobold demonologists (D)
  A meliai (D)
  A hornet (D)
  A slime creature (D)
  Sigmund (D)
  A yak (D)
  13 hogs (D)
  2 redbacks (D)
  2 floating eyes (D)
  An ogre (D)
  7 necrophages (D)
  8 jellies (D)
  Ijyb (D)
61 creatures vanquished.

Vanquished Creatures (collateral kills)
  2 fire giants (D)
2 creatures vanquished.

Vanquished Creatures (others)
  A fire giant (D)
  2 ballistomycete spores (D)
3 creatures vanquished.

Grand Total: 66 creatures vanquished

Notes
Turn   | Place    | Note
-------+----------+-------------------------------------------
     0 | D        | Zeld the Minotaur Berserker began the quest for the Orb.
     0 | D        | Reached XP level 1. HP: 19/19 MP: 0/0
     2 | D        | Noticed Ijyb
     7 | D        | Killed Ijyb
     8 | D        | Reached skill level 5 in Fighting
     8 | D        | Reached skill level 5 in Axes
     8 | D        | Reached XP level 2. HP: 29/29 MP: 1/1
    93 | D        | Noticed an ogre
    96 | D        | Killed an ogre
    97 | D        | Reached skill level 7 in Axes
    97 | D        | Reached skill level 5 in Armour
    97 | D        | Reached XP level 3. HP: 39/39 MP: 2/2
    97 | D        | Reached XP level 4. HP: 47/47 MP: 3/3
   228 | D        | Noticed Sigmund
   237 | D        | Killed Sigmund
   237 | D        | Reached ** piety under Trog
   238 | D        | Reached skill level 9 in Axes
   238 | D        | Reached skill level 5 in Dodging
   238 | D        | Reached XP level 5. HP: 53/57 MP: 4/4
   238 | D        | Reached XP level 6. HP: 60/64 MP: 5/5
   524 | D        | Found a burning altar of Makhleb.
   524 | D        | Found a viscous altar of Jiyva.
   524 | D        | Found a shimmering altar of Xom.
   524 | D        | Found a corrupted altar of Lugonu.
   524 | D        | Noticed a slime creature
   531 | D        | Killed a slime creature
   532 | D        | Reached skill level 10 in Fighting
   532 | D        | Reached skill level 10 in Axes
   599 | D        | Noticed a kobold demonologist
   599 | D        | Noticed a floating eye
   599 | D        | Noticed a kobold demonologist
   601 | D        | Noticed a rust devil
   602 | D        | Killed a floating eye
   603 | D        | Reached skill level 11 in Axes
   603 | D        | Reached XP level 7. HP: 74/74 MP: 6/6
   603 | D        | Killed a kobold demonologist
   603 | D        | Reached *** piety under Trog
   604 | D        | Reached skill level 12 in Axes
   606 | D        | Noticed a ynoxinul
   611 | D        | Killed a kobold demonologist
   612 | D        | Reached XP level 8. HP: 83/85 MP: 7/7
   915 | D        | Found an ornate altar of the Wu Jian Council.
   915 | D        | Found a shimmering blue altar of Sif Muna.
   917 | D        | Found a radiant altar of Vehumet.
  1047 | D        | Found Pase Zif's Armour Emporium.
  1047 | D        | Found an ancient bone altar of Kikubaaqudgha.
  1047 | D        | Found a hazy altar of Hepliaklqana.
  1047 | D        | Found a stormy altar of Qazlal.
  1047 | D        | Found a hide-covered altar of Uskayaw.
  1047 | D        | Found a blossoming altar of Fedhas.
  1047 | D        | Found a bloodstained altar of Trog.
  1047 | D        | Found an iron altar of Okawaru.
  1047 | D        | Found a basalt altar of Yredelemnul.
  1047 | D        | Found a glowing golden altar of the Shining One.
  1047 | D        | Found a snail-covered altar of Cheibriados.
  1047 | D        | Found a sacrificial altar of Ru.
  1047 | D        | Found a glowing silver altar of Zin.
  1047 | D        | Found a shadowy altar of Dithmenos.
  1047 | D        | Found a white marble altar of Elyvilon.
  1060 | D        | Reached skill level 13 in Axes
  1060 | D        | Found an opulent altar of Gozag.
  1061 | D        | Found a sparkling altar of Nemelex Xobeh.
  1312 | D        | Bought the +2 leather armour of the Gate {Str+5 SInv} for
                  | 337 gold pieces
  1332 | D        | Noticed Sonja
  1349 | D        | Killed Sonja
  1349 | D        | Reached **** piety under Trog
  1350 | D        | Reached skill level 14 in Axes
  1350 | D        | Reached skill level 10 in Armour
  1785 | D        | Noticed a deep troll
  1793 | D        | Killed a deep troll
  1794 | D        | Reached XP level 9. HP: 67/96 MP: 8/8
  1841 | D        | Found Cyaco's Armour Emporium.
  2067 | D        | Found Kassak's Weapon Boutique.
  2095 | D        | Noticed a centaur warrior
  2095 | D        | Noticed a centaur warrior
  2101 | D        | Killed a centaur warrior
  2102 | D        | Reached skill level 15 in Fighting
  2102 | D        | Reached skill level 15 in Axes
  2102 | D        | Reached skill level 10 in Dodging
  2104 | D        | Killed a centaur warrior
  2105 | D        | Reached skill level 16 in Axes
  2492 | D        | Noticed an oklob plant
  2584 | D        | Killed an oklob plant
  2584 | D        | Reached ***** piety under Trog
  2585 | D        | Reached XP level 10. HP: 69/108 MP: 9/9
  3048 | D        | Reached skill level 17 in Axes
  3055 | D        | Received a gift from Trog
  3303 | D        | Paralysed by a floating eye for 3 turns
  3321 | D        | Reached ****** piety under Trog
  3328 | D        | Received a gift from Trog
  3388 | D        | Found Faola's Weapon Shoppe.
  3388 | D        | Found Amaa's Weapon Shop.
  3388 | D        | Found Ladeehid's Antique Weapon Boutique.
  3390 | D        | Found Paxzan's Book Emporium.
  3390 | D        | Found Cekufon's Armour Shop.
  3390 | D        | Found Catwec's Antique Armour Shoppe.
  3390 | D        | Found Lemecvot's Antique Armour Boutique.
  3390 | D        | Found Cayluwk's Jewellery Emporium.
  3390 | D        | Found Atanwah's Distillery.
  3390 | D        | Found Wufigoti's Magic Scroll Shoppe.
  3394 | D        | Found Dinoegeb's Assorted Antiques.
  3395 | D        | Found Riun's Assorted Antiques.
  3395 | D        | Found Lutoq's Armour Boutique.
  3397 | D        | Bought a +0 pair of boots for 45 gold pieces
  3397 | D        | Found Bohen's Jewellery Emporium.
  3398 | D        | Bought a faintly humming chain mail for 228 gold pieces
  3398 | D        | Identified the +3 chain mail of Nihimorgh {-Cast Str+4
                  | Dex+4} (You bought it in a shop in the Dungeon)
  3401 | D        | Bought a potion of heal wounds for 65 gold pieces
  3401 | D        | Bought a potion of curing for 39 gold pieces
  3401 | D        | Bought 2 potions of might for 104 gold pieces
  3402 | D        | Bought a scroll of blinking for 82 gold pieces
  3402 | D        | Bought a scroll of enchant weapon for 82 gold pieces
  3402 | D        | Bought a scroll of enchant armour for 82 gold pieces
  3402 | D        | Bought a scroll of brand weapon for 220 gold pieces
  3403 | D        | Bought a scroll labelled WESMUET AHARGH for 24 gold pieces
  3404 | D        | Bought a scroll labelled NANUKOXEZ for 20 gold pieces
  3404 | D        | Bought a scroll labelled NANUKOXEZ for 20 gold pieces
  3657 | D        | Received a gift from Trog
  3658 | D        | Noticed a gargoyle
  3662 | D        | Killed a gargoyle
  3663 | D        | Reached skill level 18 in Axes
  3839 | D        | Noticed a lindwurm
  3849 | D        | Killed a lindwurm
  3968 | D        | Reached XP level 11. HP: 113/121 MP: 10/10
  3976 | D        | Received a gift from Trog
  3988 | D        | Reached skill level 19 in Axes
  3993 | D        | Received a gift from Trog
  4126 | D        | Noticed a daeva
  4630 | D        | Noticed a lorocyproca
  4653 | D        | Killed a lorocyproca
  5256 | D        | Killed a daeva
  5591 | D        | Identified the +2 leather armour of Quantum Leap {Will+}
  5611 | D        | Reached skill level 20 in Axes
  5781 | D        | Noticed a fire giant
  5782 | D        | Noticed a fire giant
  5791 | D        | Killed a fire giant
  5793 | D        | Killed a fire giant
  5794 | D        | Reached skill level 15 in Armour
  5797 | D        | Noticed a fire giant
  5798 | D        | Killed a fire giant
  5798 | D        | Noticed a fire giant
  5799 | D        | Reached skill level 21 in Axes
  5806 | D        | Killed from afar by a fire giant

Illustrated notes

Levels and vault maps discovered:
D:        dungeon_sprint_1 [red_sonja_temple_1, red_sonja_temple_small_1]

Skill      XL: |  1  2  3  4  5  6  7  8  9 10 11 |
---------------+----------------------------------+-----
Fighting       | 5 7 9 11 12 14 16 18 20 | 20.9
Axes           | 5 7 9 11 12 14 16 18 21 | 21.0
Armour         | 3 5 6 7 9 10 11 13 15 | 15.2
Dodging        | 3 4 5 7 8 9 10 12 14 | 14.0

Action                   |  1- 3 |  4- 6 |  7- 9 | 10-12 || total
-------------------------+-------+-------+-------+-------++-------
Melee: Hand axe          |     5 |    12 |    69 |    23 ||   109
       Headbutt          |     3 |     4 |    13 |    15 ||    35
       Punch             |       |       |     1 |     2 ||     3
       Broad axe         |       |       |       |    95 ||    95
       Unarmed           |       |       |       |     1 ||     1
Invok: Berserk           |     2 |     3 |     4 |     5 ||    14
       Trog's Hand       |       |       |     1 |     1 ||     2
       Brothers in Arms  |       |       |       |     2 ||     2
Evoke: Wand              |     1 |       |       |     2 ||     3
  Use: Potion            |       |       |     2 |     1 ||     3
       Scroll            |       |       |       |     4 ||     4
Armor: Leather armour    |       |       |     9 |    39 ||    48
Dodge: Dodged            |     1 |     3 |    34 |    79 ||   117
